[ PARTIDA AOE2 · #476102534 ]
UnrankedBengalíes vs Hindustanis
[ ANÁLISIS DE REPETICIÓN · EXTRAÍDO DE LA PARTIDA GRABADA ]
Feudal
8:53
Castillos
21:32
Imperial
—
| APM promedio | 37.5 |
| APM pico | 58 |
| eAPM promedio | 16.6 |
| Aldeanos / militares | 58 / 22 |
Foco
⚔️ 38.6% · 🌾 61.4%
Scout Cavalry ×19 · Spearman ×2 · Monk ×1
Feudal
8:55
Castillos
23:12
Imperial
—
| APM promedio | 54.1 |
| APM pico | 121 |
| eAPM promedio | 29.2 |
| Aldeanos / militares | 52 / 33 |
Foco
⚔️ 61.6% · 🌾 38.4%
Scout Cavalry ×17 · Camel Scout ×10 · Spearman ×6
Feudal
9:15
Castillos
22:12
Imperial
—
| APM promedio | 56.2 |
| APM pico | 116 |
| eAPM promedio | 23.6 |
| Aldeanos / militares | 47 / 46 |
Foco
⚔️ 56.4% · 🌾 43.6%
Archer ×46
Feudal
9:54
Castillos
—
Imperial
—
| APM promedio | 47.6 |
| APM pico | 113 |
| eAPM promedio | 18.1 |
| Aldeanos / militares | 45 / 35 |
Foco
⚔️ 26.3% · 🌾 73.7%
Archer ×34 · Spearman ×1
Mapa de la partida
Recursos iniciales + cada clic de construcción. Líneas = muros · curvas = relieve. ◆ oro · ⬟ piedra · ● bayas · ✦ reliquia · ◌ hueco del cierre
Tu base· ✓ Cerrada en 21:32 · 29t muro · 1 puerta(s)
Base de AeRo· ✓ Cerrada en 23:12 · 38t muro · 1 puerta(s)
Base de El Coyote· ✓ Cerrada en 22:12 · 26t muro · 1 puerta(s)
Base de SSx_Flexa· Abierta — flanco sin cerrar
Terreno inicial suavizado · ◌ = hueco del cierre detectado · pasá el cursor para detalles
Inputs por minuto
— Five - - AeRo
Build order — Five
Primeras 150 de 159 acciones detectadas
| 0:01 | Crear | Villager (Male) |
| 0:02 | Construir | House |
| 0:03 | Construir | House |
| 0:11 | Crear | Villager (Male) ×3 |
| 1:43 | Crear | Villager (Male) |
| 1:59 | Construir | Lumber Camp |
| 2:04 | Crear | Villager (Male) |
| 2:18 | Crear | Villager (Male) |
| 2:45 | Crear | Villager (Male) |
| 3:01 | Crear | Villager (Male) |
| 3:28 | Construir | Palisade Wall |
| 3:34 | Construir | House |
| 3:41 | Crear | Villager (Male) |
| 4:04 | Construir | Mill |
| 4:10 | Crear | Villager (Male) |
| 4:27 | Crear | Villager (Male) |
| 4:41 | Construir | House |
| 4:44 | Construir | Palisade Wall |
| 4:51 | Crear | Villager (Male) |
| 4:59 | Construir | Palisade Wall |
| 5:27 | Crear | Villager (Male) |
| 5:52 | Crear | Villager (Male) |
| 6:17 | Investigar | Loom |
| 6:43 | Investigar | Feudal Age |
| 7:29 | Construir | Barracks |
| 8:30 | Construir | House |
| 8:35 | Crear | Villager (Male) |
| 8:51 | Crear | Villager (Male) |
| 8:53 | Edad | Edad Feudal |
| 9:00 | Construir | Stable |
| 9:06 | Investigar | Double-Bit Axe |
| 9:14 | Construir | Farm |
| 9:20 | Crear | Villager (Male) |
| 9:36 | Crear | Spearman |
| 9:41 | Crear | Scout Cavalry |
| 9:42 | Crear | Scout Cavalry |
| 9:47 | Construir | Farm |
| 9:55 | Construir | House |
| 10:00 | Crear | Villager (Male) |
| 10:24 | Crear | Villager (Male) |
| 10:28 | Construir | Farm |
| 10:29 | Construir | Farm |
| 10:45 | Crear | Villager (Male) |
| 10:47 | Construir | Farm |
| 10:53 | Construir | House |
| 10:59 | Construir | Farm |
| 11:10 | Crear | Scout Cavalry |
| 11:13 | Construir | Farm |
| 11:14 | Construir | Farm |
| 11:36 | Crear | Scout Cavalry |
| 11:39 | Construir | Farm |
| 11:41 | Construir | House |
| 11:49 | Construir | Farm |
| 11:56 | Construir | House |
| 12:02 | Crear | Villager (Male) |
| 12:09 | Crear | Scout Cavalry |
| 12:13 | Construir | Palisade Wall |
| 12:27 | Crear | Villager (Male) |
| 12:38 | Crear | Scout Cavalry |
| 12:43 | Construir | Palisade Wall |
| 12:46 | Construir | Palisade Wall |
| 12:47 | Construir | Palisade Wall |
| 12:50 | Construir | Palisade Wall |
| 12:53 | Construir | Palisade Wall |
| 12:58 | Crear | Villager (Male) |
| 13:10 | Investigar | Horse Collar |
| 13:11 | Construir | Farm |
| 13:13 | Construir | Farm |
| 13:17 | Crear | Villager (Male) |
| 13:29 | Crear | Villager (Male) |
| 13:36 | Crear | Villager (Male) |
| 13:49 | Crear | Villager (Male) |
| 13:53 | Construir | Mining Camp |
| 14:01 | Construir | House |
| 14:05 | Crear | Villager (Male) |
| 14:10 | Crear | Spearman |
| 14:20 | Construir | Farm |
| 14:26 | Crear | Villager (Male) |
| 14:38 | Crear | Scout Cavalry |
| 14:58 | Crear | Villager (Male) |
| 15:02 | Construir | Market |
| 15:08 | Crear | Villager (Male) |
| 15:16 | Crear | Villager (Male) |
| 15:29 | Crear | Villager (Male) |
| 15:41 | Construir | Farm |
| 15:42 | Construir | Farm |
| 15:43 | Construir | Farm |
| 15:54 | Crear | Scout Cavalry |
| 15:58 | Crear | Villager (Male) |
| 16:08 | Construir | House |
| 16:11 | Construir | Gate |
| 16:17 | Crear | Scout Cavalry |
| 16:20 | Construir | Farm |
| 16:21 | Crear | Villager (Male) |
| 16:23 | Construir | Farm |
| 16:30 | Crear | Scout Cavalry |
| 16:38 | Construir | Farm |
| 16:43 | Construir | Farm |
| 16:45 | Crear | Villager (Male) |
| 16:59 | Crear | Villager (Male) |
| 17:07 | Crear | Villager (Male) |
| 17:09 | Construir | Farm |
| 17:33 | Construir | Farm |
| 17:34 | Construir | Farm |
| 17:35 | Crear | Villager (Male) |
| 17:45 | Construir | House |
| 18:11 | Crear | Villager (Male) |
| 18:25 | Construir | Blacksmith |
| 18:30 | Crear | Villager (Male) |
| 18:46 | Construir | Farm |
| 18:53 | Investigar | Castle Age |
| 19:01 | Construir | House |
| 19:12 | Investigar | Forging |
| 19:37 | Investigar | Bloodlines |
| 19:39 | Construir | Stable |
| 19:56 | Crear | Scout Cavalry |
| 20:04 | Investigar | Scale Barding Armor |
| 20:12 | Construir | Lumber Camp |
| 20:32 | Crear | Scout Cavalry |
| 20:35 | Construir | Farm |
| 20:37 | Construir | Farm |
| 20:47 | Construir | House |
| 20:49 | Construir | House |
| 21:01 | Crear | Scout Cavalry |
| 21:02 | Crear | Scout Cavalry |
| 21:11 | Construir | House |
| 21:16 | Construir | House |
| 21:18 | Construir | House |
| 21:30 | Construir | House |
| 21:32 | Edad | Edad de los Castillos |
| 21:37 | Investigar | Light Cavalry (upgrade) |
| 21:38 | Crear | Scout Cavalry |
| 21:38 | Crear | Scout Cavalry |
| 21:44 | Construir | Farm |
| 21:45 | Crear | Villager (Male) |
| 21:55 | Construir | Farm |
| 22:25 | Crear | Scout Cavalry |
| 22:26 | Crear | Scout Cavalry |
| 22:27 | Crear | Villager (Male) ×3 |
| 22:42 | Crear | Scout Cavalry |
| 23:00 | Construir | Town Center |
| 23:06 | Construir | House |
| 23:11 | Construir | Farm |
| 23:11 | Construir | Farm |
| 23:24 | Crear | Villager (Male) |
| 23:26 | Construir | Farm |
| 23:45 | Crear | Villager (Male) ×5 |
| 23:46 | Crear | Villager (Male) |
| 23:48 | Construir | Monastery |
| 24:06 | Crear | Villager (Male) |
Build order — AeRo
Primeras 150 de 172 acciones detectadas
| 0:01 | Crear | Villager (Male) |
| 0:01 | Crear | Villager (Male) |
| 0:01 | Crear | Villager (Male) |
| 0:03 | Construir | House |
| 0:04 | Construir | House |
| 0:24 | Crear | Villager (Male) |
| 1:13 | Crear | Villager (Male) |
| 1:31 | Crear | Villager (Male) |
| 2:03 | Crear | Villager (Male) |
| 2:20 | Crear | Villager (Male) |
| 2:31 | Construir | Lumber Camp |
| 2:38 | Crear | Villager (Male) |
| 3:44 | Crear | Villager (Male) |
| 3:44 | Crear | Villager (Male) |
| 3:48 | Crear | Villager (Male) |
| 3:48 | Crear | Villager (Male) |
| 3:52 | Construir | House |
| 4:20 | Construir | House |
| 4:28 | Crear | Villager (Male) |
| 5:01 | Construir | Mill |
| 5:07 | Crear | Villager (Male) |
| 5:59 | Crear | Villager (Male) |
| 6:14 | Investigar | Loom |
| 6:45 | Investigar | Feudal Age |
| 7:55 | Construir | Barracks |
| 8:23 | Crear | Villager (Male) |
| 8:24 | Crear | Villager (Male) |
| 8:55 | Edad | Edad Feudal |
| 8:58 | Crear | Villager (Male) |
| 9:01 | Construir | Stable |
| 9:06 | Crear | Villager (Male) |
| 9:18 | Crear | Villager (Male) |
| 9:21 | Construir | House |
| 9:40 | Crear | Villager (Male) |
| 9:41 | Crear | Scout Cavalry |
| 9:41 | Crear | Scout Cavalry |
| 9:44 | Crear | Villager (Male) |
| 9:46 | Construir | House |
| 10:00 | Construir | House |
| 10:00 | Crear | Villager (Male) |
| 10:08 | Investigar | Double-Bit Axe |
| 10:08 | Investigar | Double-Bit Axe |
| 10:15 | Construir | Farm |
| 10:34 | Crear | Scout Cavalry |
| 10:45 | Construir | Farm |
| 10:46 | Construir | Farm |
| 10:47 | Crear | Villager (Male) |
| 10:54 | Construir | House |
| 11:09 | Crear | Villager (Male) |
| 11:12 | Construir | Palisade Wall |
| 11:14 | Construir | Palisade Wall |
| 11:16 | Construir | Palisade Wall |
| 11:25 | Construir | Farm |
| 11:38 | Construir | Palisade Wall |
| 11:39 | Construir | Palisade Wall |
| 11:39 | Crear | Spearman |
| 11:42 | Crear | Scout Cavalry |
| 11:50 | Construir | Farm |
| 12:02 | Construir | Palisade Wall |
| 12:10 | Construir | Farm |
| 12:10 | Crear | Villager (Male) |
| 12:15 | Crear | Villager (Male) |
| 12:21 | Crear | Villager (Male) |
| 12:37 | Crear | Scout Cavalry |
| 12:40 | Construir | Farm |
| 12:42 | Construir | Farm |
| 12:42 | Crear | Villager (Male) |
| 12:49 | Construir | House |
| 12:58 | Construir | Farm |
| 13:04 | Crear | Villager (Male) |
| 13:06 | Construir | Farm |
| 13:11 | Investigar | Horse Collar |
| 13:11 | Investigar | Horse Collar |
| 13:24 | Crear | Villager (Male) |
| 13:32 | Crear | Villager (Male) |
| 13:36 | Construir | Farm |
| 13:37 | Crear | Villager (Male) |
| 13:44 | Construir | Palisade Wall |
| 13:44 | Construir | Palisade Wall |
| 13:55 | Crear | Scout Cavalry |
| 13:58 | Crear | Scout Cavalry |
| 13:58 | Crear | Scout Cavalry |
| 14:00 | Construir | Farm |
| 14:33 | Crear | Scout Cavalry |
| 14:33 | Crear | Scout Cavalry |
| 14:34 | Crear | Scout Cavalry |
| 14:34 | Crear | Scout Cavalry |
| 14:38 | Crear | Villager (Male) |
| 14:43 | Crear | Scout Cavalry |
| 14:56 | Crear | Spearman |
| 14:56 | Crear | Spearman |
| 15:03 | Construir | Mining Camp |
| 15:06 | Crear | Spearman |
| 15:06 | Crear | Spearman |
| 15:19 | Crear | Spearman |
| 15:27 | Crear | Villager (Male) |
| 15:30 | Crear | Villager (Male) |
| 16:04 | Construir | Farm |
| 16:07 | Crear | Villager (Male) |
| 16:10 | Crear | Scout Cavalry |
| 16:14 | Construir | Farm |
| 16:24 | Crear | Scout Cavalry |
| 16:28 | Crear | Villager (Male) |
| 16:30 | Construir | Blacksmith |
| 16:40 | Crear | Scout Cavalry |
| 17:10 | Construir | Farm |
| 17:10 | Construir | Farm |
| 17:10 | Construir | Farm |
| 17:10 | Construir | Farm |
| 17:22 | Investigar | Forging |
| 17:30 | Construir | House |
| 17:33 | Crear | Scout Cavalry |
| 17:36 | Construir | Farm |
| 17:38 | Construir | Farm |
| 17:40 | Crear | Villager (Male) |
| 17:41 | Crear | Villager (Male) |
| 17:46 | Construir | House |
| 17:59 | Construir | House |
| 18:05 | Investigar | Wheelbarrow |
| 18:07 | Crear | Villager (Male) |
| 18:13 | Construir | Palisade Wall |
| 18:14 | Construir | Palisade Wall |
| 18:22 | Construir | House |
| 18:31 | Construir | House |
| 18:38 | Construir | Palisade Wall |
| 18:53 | Investigar | Scale Barding Armor |
| 18:59 | Construir | House |
| 19:04 | Construir | Palisade Wall |
| 19:11 | Construir | Farm |
| 19:16 | Crear | Villager (Male) |
| 19:47 | Construir | House |
| 20:10 | Construir | Market |
| 20:17 | Construir | Farm |
| 20:19 | Construir | Farm |
| 20:32 | Investigar | Castle Age |
| 20:42 | Construir | Farm |
| 21:06 | Investigar | Bloodlines |
| 21:13 | Construir | Gate |
| 21:17 | Construir | Gate |
| 21:23 | Construir | Stable |
| 21:34 | Construir | Farm |
| 21:52 | Crear | Villager (Male) |
| 21:52 | Crear | Villager (Male) |
| 21:53 | Crear | Villager (Male) |
| 22:38 | Construir | Farm |
| 22:44 | Investigar | Gold Mining |
| 22:52 | Construir | Farm |
| 23:12 | Edad | Edad de los Castillos |
| 23:14 | Crear | Camel Scout |
| 23:14 | Crear | Camel Scout |
Build order — El Coyote
Primeras 150 de 162 acciones detectadas
| 0:00 | Crear | Villager (Male) |
| 0:02 | Construir | House |
| 0:04 | Construir | House |
| 0:08 | Crear | Villager (Male) |
| 0:08 | Crear | Villager (Male) |
| 0:16 | Crear | Villager (Male) |
| 1:17 | Crear | Villager (Male) |
| 1:18 | Crear | Villager (Male) |
| 1:48 | Construir | Lumber Camp |
| 1:51 | Crear | Villager (Male) |
| 2:19 | Crear | Villager (Male) |
| 2:38 | Crear | Villager (Male) |
| 2:50 | Crear | Villager (Male) |
| 3:07 | Crear | Villager (Male) |
| 3:35 | Crear | Villager (Male) |
| 3:35 | Crear | Villager (Male) |
| 3:51 | Construir | House |
| 4:26 | Crear | Villager (Male) |
| 4:26 | Crear | Villager (Male) |
| 4:28 | Construir | House |
| 4:40 | Crear | Villager (Male) |
| 5:04 | Crear | Villager (Male) |
| 5:32 | Construir | Mining Camp |
| 5:51 | Crear | Villager (Male) |
| 6:05 | Investigar | Loom |
| 7:03 | Investigar | Feudal Age |
| 7:30 | Construir | Barracks |
| 8:08 | Crear | Villager (Male) |
| 8:21 | Construir | Mill |
| 9:15 | Edad | Edad Feudal |
| 9:18 | Construir | Archery Range |
| 9:28 | Construir | Archery Range |
| 9:29 | Crear | Villager (Male) |
| 9:35 | Construir | Farm |
| 9:46 | Crear | Villager (Male) |
| 9:51 | Construir | Farm |
| 10:21 | Construir | House |
| 10:23 | Construir | Blacksmith |
| 10:35 | Crear | Villager (Male) |
| 10:41 | Crear | Archer |
| 10:42 | Crear | Archer |
| 10:55 | Crear | Villager (Male) |
| 11:00 | Construir | House |
| 11:08 | Construir | House |
| 11:10 | Construir | Palisade Wall |
| 11:14 | Construir | Palisade Wall |
| 11:15 | Construir | Palisade Wall |
| 11:22 | Construir | House |
| 11:23 | Crear | Villager (Male) |
| 11:24 | Crear | Archer |
| 11:24 | Crear | Archer |
| 11:34 | Construir | Palisade Wall |
| 11:36 | Construir | Palisade Wall |
| 11:38 | Crear | Villager (Male) |
| 11:42 | Construir | Palisade Gate |
| 11:43 | Construir | Palisade Wall |
| 11:43 | Construir | Palisade Wall |
| 11:45 | Crear | Villager (Male) |
| 11:46 | Crear | Archer |
| 11:46 | Crear | Archer |
| 12:16 | Crear | Archer |
| 12:17 | Crear | Archer |
| 12:17 | Crear | Archer |
| 12:35 | Crear | Villager (Male) |
| 12:43 | Construir | Farm |
| 12:58 | Construir | House |
| 13:02 | Crear | Villager (Male) |
| 13:08 | Construir | Farm |
| 13:16 | Investigar | Fletching |
| 13:17 | Investigar | Fletching |
| 13:22 | Construir | Farm |
| 13:36 | Construir | House |
| 13:47 | Construir | Farm |
| 13:47 | Crear | Villager (Male) |
| 13:48 | Crear | Archer |
| 13:48 | Crear | Archer |
| 13:59 | Crear | Villager (Male) |
| 14:12 | Crear | Archer |
| 14:12 | Crear | Archer |
| 14:13 | Crear | Archer |
| 14:15 | Crear | Villager (Male) |
| 14:32 | Construir | Farm |
| 14:37 | Crear | Villager (Male) |
| 14:51 | Crear | Villager (Male) |
| 14:55 | Crear | Archer |
| 14:55 | Crear | Archer |
| 15:37 | Crear | Villager (Male) |
| 15:37 | Crear | Villager (Male) |
| 15:44 | Construir | Farm |
| 15:47 | Construir | Farm |
| 15:53 | Crear | Archer |
| 15:54 | Crear | Archer |
| 16:03 | Construir | Lumber Camp |
| 16:14 | Crear | Villager (Male) |
| 16:14 | Crear | Archer |
| 16:41 | Construir | House |
| 17:06 | Crear | Villager (Male) |
| 17:07 | Crear | Archer |
| 17:47 | Crear | Villager (Male) |
| 17:49 | Construir | Farm |
| 17:50 | Construir | House |
| 17:51 | Construir | House |
| 18:16 | Crear | Villager (Male) |
| 19:04 | Construir | Market |
| 19:32 | Investigar | Castle Age |
| 19:54 | Crear | Archer |
| 19:54 | Crear | Archer |
| 19:54 | Crear | Archer |
| 20:06 | Construir | Archery Range |
| 20:12 | Construir | Mining Camp |
| 20:25 | Construir | Farm |
| 20:44 | Crear | Villager (Male) |
| 20:45 | Crear | Archer |
| 20:45 | Crear | Archer |
| 20:54 | Construir | House |
| 20:55 | Construir | House |
| 21:04 | Construir | House |
| 21:05 | Construir | House |
| 21:06 | Construir | House |
| 21:42 | Crear | Villager (Male) |
| 21:42 | Crear | Archer |
| 21:43 | Crear | Archer |
| 22:12 | Edad | Edad de los Castillos |
| 22:19 | Investigar | Crossbowman (upgrade) |
| 22:19 | Investigar | Bodkin Arrow |
| 22:43 | Crear | Villager (Male) |
| 22:44 | Crear | Archer |
| 22:44 | Crear | Archer |
| 22:52 | Construir | University |
| 22:54 | Construir | Lumber Camp |
| 23:00 | Investigar | Double-Bit Axe |
| 23:09 | Crear | Archer |
| 23:09 | Crear | Archer |
| 23:09 | Crear | Archer |
| 23:11 | Crear | Archer |
| 23:28 | Construir | Palisade Wall |
| 23:29 | Construir | Palisade Wall |
| 23:31 | Crear | Archer |
| 23:31 | Crear | Archer |
| 23:32 | Crear | Villager (Male) |
| 23:32 | Crear | Villager (Male) |
| 23:32 | Crear | Villager (Male) |
| 23:40 | Investigar | Padded Archer Armor |
| 23:41 | Investigar | Padded Archer Armor |
| 23:56 | Investigar | Ballistics |
| 24:04 | Construir | Farm |
| 24:10 | Investigar | Chemistry |
| 24:11 | Investigar | Chemistry |
| 24:16 | Crear | Archer |
| 24:16 | Crear | Archer |
Build order — SSx_Flexa
126 acciones detectadas en el replay
| 0:01 | Crear | Villager (Male) |
| 0:02 | Crear | Villager (Male) |
| 0:02 | Crear | Villager (Male) |
| 0:02 | Crear | Villager (Male) |
| 0:04 | Construir | House |
| 0:05 | Construir | House |
| 1:24 | Crear | Villager (Male) |
| 1:54 | Construir | Settlement |
| 2:01 | Crear | Villager (Male) |
| 2:17 | Crear | Villager (Male) |
| 2:49 | Crear | Villager (Male) |
| 3:03 | Crear | Villager (Male) |
| 3:25 | Construir | House |
| 3:39 | Crear | Villager (Male) |
| 4:44 | Crear | Villager (Male) |
| 4:44 | Crear | Villager (Male) |
| 4:44 | Crear | Villager (Male) |
| 5:01 | Crear | Villager (Male) |
| 5:01 | Crear | Villager (Male) |
| 5:28 | Construir | Settlement |
| 5:37 | Crear | Villager (Male) |
| 5:53 | Crear | Villager (Male) |
| 6:30 | Crear | Villager (Male) |
| 6:39 | Construir | Settlement |
| 7:02 | Crear | Villager (Male) |
| 7:15 | Investigar | Loom |
| 7:20 | Construir | Palisade Wall |
| 7:44 | Investigar | Feudal Age |
| 8:28 | Construir | Barracks |
| 8:51 | Construir | Palisade Wall |
| 9:40 | Crear | Villager (Male) |
| 9:52 | Crear | Villager (Male) |
| 9:54 | Edad | Edad Feudal |
| 10:01 | Construir | Archery Range |
| 10:17 | Crear | Villager (Male) |
| 10:44 | Crear | Archer |
| 10:52 | Crear | Spearman |
| 10:56 | Crear | Villager (Male) |
| 11:03 | Construir | House |
| 11:12 | Crear | Archer |
| 11:35 | Construir | Archery Range |
| 11:40 | Crear | Archer |
| 11:47 | Crear | Villager (Male) |
| 11:54 | Crear | Archer |
| 12:05 | Investigar | Double-Bit Axe |
| 12:07 | Crear | Villager (Male) |
| 12:14 | Crear | Archer |
| 12:17 | Crear | Archer |
| 12:21 | Construir | House |
| 12:36 | Crear | Villager (Male) |
| 12:50 | Construir | Blacksmith |
| 12:57 | Crear | Archer |
| 12:59 | Crear | Villager (Male) |
| 13:12 | Crear | Villager (Male) |
| 13:23 | Construir | Palisade Gate |
| 13:25 | Crear | Villager (Male) |
| 13:26 | Crear | Archer |
| 13:50 | Investigar | Fletching |
| 13:56 | Crear | Villager (Male) |
| 14:04 | Construir | Farm |
| 14:18 | Crear | Villager (Male) |
| 14:26 | Construir | Farm |
| 14:29 | Construir | Farm |
| 14:30 | Crear | Villager (Male) |
| 14:34 | Construir | Farm |
| 14:44 | Construir | Farm |
| 14:45 | Construir | Farm |
| 14:48 | Crear | Archer |
| 14:49 | Crear | Archer |
| 14:50 | Crear | Archer |
| 14:59 | Construir | Farm |
| 15:14 | Crear | Archer |
| 15:16 | Construir | Farm |
| 15:27 | Crear | Archer |
| 15:40 | Construir | House |
| 15:43 | Construir | House |
| 15:57 | Crear | Villager (Male) |
| 16:44 | Crear | Archer |
| 16:59 | Construir | Farm |
| 17:10 | Crear | Archer |
| 17:14 | Construir | House |
| 17:18 | Construir | House |
| 17:21 | Construir | House |
| 17:30 | Construir | House |
| 18:13 | Crear | Archer |
| 18:19 | Construir | Farm |
| 18:22 | Crear | Villager (Male) |
| 18:32 | Construir | Farm |
| 18:45 | Crear | Villager (Male) |
| 19:03 | Investigar | Padded Archer Armor |
| 19:09 | Crear | Villager (Male) |
| 19:28 | Crear | Villager (Male) |
| 19:28 | Crear | Villager (Male) |
| 20:11 | Crear | Villager (Male) |
| 20:54 | Crear | Archer |
| 20:57 | Crear | Villager (Male) |
| 21:01 | Construir | Palisade Wall |
| 21:06 | Crear | Archer |
| 21:07 | Crear | Villager (Male) |
| 21:25 | Crear | Archer |
| 21:40 | Crear | Archer |
| 21:47 | Crear | Archer |
| 22:15 | Crear | Archer |
| 22:15 | Crear | Archer |
| 22:31 | Crear | Archer |
| 22:38 | Crear | Archer |
| 22:39 | Crear | Villager (Male) |
| 22:49 | Crear | Villager (Male) |
| 22:56 | Construir | House |
| 22:58 | Construir | Palisade Wall |
| 23:01 | Crear | Archer |
| 23:05 | Crear | Archer |
| 23:06 | Crear | Villager (Male) |
| 23:11 | Crear | Villager (Male) |
| 23:13 | Crear | Archer |
| 23:31 | Construir | Farm |
| 23:56 | Construir | House |
| 24:17 | Construir | Market |
| 24:22 | Crear | Archer |
| 24:28 | Crear | Archer |
| 24:37 | Crear | Archer |
| 24:37 | Crear | Archer |
| 24:46 | Crear | Archer |
| 24:47 | Crear | Archer |
| 24:54 | Construir | Farm |
| 24:56 | Construir | Farm |
Cronología de la partida
| 3:28 | Five · wall_segment Palisade Wall x1 |
| 4:44 | Five · wall_segment Palisade Wall x2 |
| 4:59 | Five · wall_segment Palisade Wall x1 |
| 7:20 | SSx_Flexa · wall_segment Palisade Wall x7 |
| 7:29 | Five · first_building Barracks |
| 7:30 | El Coyote · first_building Barracks |
| 7:55 | AeRo · first_building Barracks |
| 8:28 | SSx_Flexa · first_building Barracks |
| 8:51 | SSx_Flexa · wall_segment Palisade Wall x1 |
| 8:53 | Five · age_up feudal |
| 8:55 | AeRo · age_up feudal |
| 9:00 | Five · first_building Stable |
| 9:01 | AeRo · first_building Stable |
| 9:15 | El Coyote · age_up feudal |
| 9:18 | El Coyote · first_building Archery Range |
| 9:54 | SSx_Flexa · age_up feudal |
| 10:01 | SSx_Flexa · first_building Archery Range |
| 11:10 | El Coyote · wall_segment Palisade Wall x4 |
| 11:12 | AeRo · wall_segment Palisade Wall x3 |
| 11:14 | AeRo · wall_segment Palisade Wall x5 |
| 11:14 | El Coyote · wall_segment Palisade Wall x3 |
| 11:15 | El Coyote · wall_segment Palisade Wall x7 |
| 11:16 | AeRo · wall_segment Palisade Wall x4 |
| 11:34 | El Coyote · wall_segment Palisade Wall x6 |
| 11:36 | El Coyote · wall_segment Palisade Wall x7 |
| 11:38 | AeRo · wall_segment Palisade Wall x1 |
| 11:39 | AeRo · wall_segment Palisade Wall x1 |
| 11:43 | El Coyote · wall_segment Palisade Wall x1 |
| 11:43 | El Coyote · wall_segment Palisade Wall x1 |
| 12:02 | AeRo · wall_segment Palisade Wall x8 |
| 12:13 | Five · wall_segment Palisade Wall x7 |
| 12:43 | Five · wall_segment Palisade Wall x5 |
| 12:46 | Five · wall_segment Palisade Wall x3 |
| 12:47 | Five · wall_segment Palisade Wall x3 |
| 12:50 | Five · wall_segment Palisade Wall x4 |
| 12:53 | Five · wall_segment Palisade Wall x4 |
| 13:44 | AeRo · wall_segment Palisade Wall x6 |
| 13:44 | AeRo · wall_segment Palisade Wall x2 |
| 18:13 | AeRo · wall_segment Palisade Wall x2 |
| 18:14 | AeRo · wall_segment Palisade Wall x4 |
| 18:38 | AeRo · wall_segment Palisade Wall x1 |
| 19:04 | AeRo · wall_segment Palisade Wall x1 |
| 21:01 | SSx_Flexa · wall_segment Palisade Wall x10 |
| 21:32 | Five · age_up castle |
| 22:12 | El Coyote · age_up castle |
| 22:58 | SSx_Flexa · wall_segment Palisade Wall x6 |
| 23:12 | AeRo · age_up castle |
| 23:28 | El Coyote · wall_segment Palisade Wall x3 |
| 23:29 | El Coyote · wall_segment Palisade Wall x2 |
| 23:48 | Five · first_building Monastery |
| 23:52 | El Coyote · first_market_buy 100 wood |
| 24:36 | AeRo · wall_segment Stone Wall x1 |
| 25:20 | Five · resign |
[ ANÁLISIS IA · 1 CRÉDITO ]
¿Qué pasó realmente en esta partida?
Wolo.gg analiza cada decisión: build order, eco, micro, errores típicos por bracket. Análisis personalizado por WhatsApp o Discord en 30 segundos.
Guía civ
Bengalíes
Perfil
Jugador #1141037